 Dungeon Crawl Stone Soup version 0.31.0-32-g396128a36d (webtiles) character file.

Game seed: 14976716482056876264

221 Peloso the Slasher (level 5, 0/47 HPs)
             Began as a Minotaur Fighter on Apr 6, 2024.
             Splashed by a jelly's acid (2 damage)
             ... on level 4 of the Dungeon.
             The game lasted 00:07:36 (2838 turns).

Peloso the Slasher (Minotaur Fighter)               Turns: 2838, Time: 00:07:36

Health: 0/47       AC:  5    Str: 21    XL:     5   Next: 65%
Magic:  0/4        EV:  8    Int:  5    God:
Gold:   236        SH:  4    Dex: 11    Spells: 4/4 levels left

rFire   . . .        a - +0 long sword
rCold   . . .        d - +0 buckler
rNeg    . . .        c - +0 chain mail
rPois   .            (helmet restricted)
rElec   .            (no cloak)
rCorr   .            (no gloves)
SInv    .            (no boots)
Will    .....        f - amulet of guardian spirit Stlth
                     (no ring)
HPRegen 0.27/turn    (no ring)
MPRegen 0.09/turn

%: guardian spirit
@: corroded
A: horns 2, retaliatory headbutt
a: no special abilities


You were on level 4 of the Dungeon.
You visited 1 branch of the dungeon, and saw 4 of its levels.

You collected 236 gold pieces.

Inventory:

Hand Weapons
 a - a +0 long sword (weapon)
Armour
 b - a +0 scale mail
 c - a +0 chain mail (worn)
 d - a +0 buckler (worn)
Jewellery
 f - an amulet of guardian spirit (around neck)
Talismans
 h - a dragon-blood talisman
Wands
 e - a wand of flame (12)
 l - a wand of polymorph (8)
Scrolls
 j - a scroll of teleportation
 m - a scroll of poison
 p - a scroll of vulnerability {unknown}
 q - a scroll of amnesia
 s - a scroll of blinking
 t - a scroll of revelation {unknown}
 u - a scroll of enchant weapon {unknown}
 v - a scroll of immolation {unknown}
Potions
 g - 2 potions of mutation {unknown}
 i - a potion of might
 k - a potion of lignification {unknown}
 n - a potion of enlightenment {unknown}
 o - 6 potions of curing {unknown}
 r - a potion of brilliance {unknown}


   Skills:
 + Level 4.7 Fighting
 + Level 4.9 Long Blades
 + Level 4.8 Armour
 + Level 1.2 Dodging
 + Level 4.2 Shields


You had 4 spell levels left.
You didn't know any spells.
Your spell library was empty.

Dungeon Overview and Level Annotations

Branches:
Dungeon (4/15)
 Temple: D:4-7

Altars:
Cheibriados

Shops:
D:2 [

Annotations:
D:3 3 runed translucent doors, Ulv's ghost, amateur BaHs; ripuliukko's ghost, amateur GrEE


Innate Abilities, Weirdness & Mutations

You have a pair of horns on your head.
You reflexively headbutt those who attack you in melee.


Message History

Found a stone staircase leading down.
There is a stone staircase leading up here.
Sorry, I don't know how to get there.
v - a scroll labelled SAARAPEZ ADYWKIF You start putting on your amulet.
You continue putting on your amulet of guardian spirit. x5
You finish putting on your amulet of guardian spirit.
You feel your power drawn to a protective spirit.
f - an amulet of guardian spirit (around neck) As you open the door, it creaks loudly!
You hear an angry hiss.
An iguana comes into view.
An iguana is nearby!
An iguana is nearby!
A jelly comes into view.
Found a scroll labelled HOLLAI UL IDWE.
The jelly quivers.
There is an open door here.
The jelly hits you but does no damage. The jelly hits you.
The acid corrodes you!
You are splashed with acid!
You barely miss the iguana. The jelly barely misses you. The iguana bites you.
You hit the iguana but do no damage.
You headbutt the iguana, but do no damage.
The jelly hits you.
You are splashed with acid!
The iguana bites you but does no damage.
Unknown command.
You slash the jelly!
Your hands burn!
The jelly is heavily wounded.
You block the jelly's attack. The iguana bites you.
Unknown command.
You hit the jelly but do no damage. The acid corrodes you!
Your hands burn!
The jelly is heavily wounded.
The jelly hits you.
* * * LOW HITPOINT WARNING * * *
The acid corrodes you!
You are splashed with acid!
* * * LOW HITPOINT WARNING * * *
The iguana bites you.
* * * LOW HITPOINT WARNING * * *
The iguana barely misses you. The jelly hits you but does no damage.
You hit the jelly.
Your hands burn!
You die...

... .... ##############
....##...##..##?..##
......<......#.....#
.............#.....#
.............#.....#
....##.......##...# #
>...##.......##J..##...#
... #.........'.@l.....#
.. #[........#........#
.. #.........#........#
#........##...##...#
##.......##...# ..#
#.......#..... .#
........#.....# #
##########....#


You could see an iguana and a jelly.

Vanquished Creatures
  A hound (D:3)
  Ijyb (D:2)
  Terence (D:2)
  3 adders
  4 dart slugs
  6 ribbon worms
  10 orcs (D:3)
  6 endoplasms
  3 giant cockroaches
  9 goblins
  10 hobgoblins
  A kobold (D:2)
  5 quokkas
  5 ball pythons
  8 bats
  3 frilled lizards
  8 rats
84 creatures vanquished.

Notes
Turn   | Place    | Note
-------+----------+-------------------------------------------
     0 | D:1      | Peloso the Minotaur Fighter began the quest for the Orb.
     0 | D:1      | Reached XP level 1. HP: 19/19 MP: 0/0
   130 | D:1      | Reached XP level 2. HP: 27/27 MP: 1/1
   499 | D:1      | Reached XP level 3. HP: 31/33 MP: 2/2
   818 | D:2      | Noticed Terence
   824 | D:2      | Killed Terence
   958 | D:2      | Reached skill level 1 in Dodging
   974 | D:2      | Reached XP level 4. HP: 40/40 MP: 3/3
  1117 | D:2      | Noticed Ijyb
  1136 | D:2      | Killed Ijyb
  1216 | D:2      | Found Cavam's Armour Shoppe.
  1567 | D:2      | Found a snail-covered altar of Cheibriados.
  1584 | D:2      | Found a faded altar of an unknown god.
  1976 | D:3      | Reached XP level 5. HP: 47/47 MP: 4/4
  2462 | D:3      | Found a runed translucent gate.
  2463 | D:3      | Found a runed translucent gate.
  2464 | D:3      | Found a runed translucent gate.
  2465 | D:3      | Noticed Ulv's ghost (amateur BaHs)
  2466 | D:3      | Noticed ripuliukko's ghost (amateur GrEE)
  2837 | D:4      | HP: 2/47 [iguana (4)]
  2838 | D:4      | Splashed by a jelly's acid

Illustrated notes

Levels and vault maps discovered:
D:1:      minmay_arrival_three_doors, layout_basic
D:2:      kennysheep_the_goblin_king, layout_rooms,
          hellmonk_ecumenical_altar_arch_garden, serial_shops, shop,
          basic_altar, minmay_heptomino_l4, uniq_terence
D:3:      layout_basic, gammafunk_ghost_cemetery
D:4:      layout_gridville, mainiacjoe_overflow_alcove_4

Skill      XL: |  1  2  3  4 |
---------------+-------------+-----
Fighting       | 4 |  4.7
Armour         | 4 |  4.8
Shields        | 4 |  4.2
Long Blades    | 3 4 |  4.9
Dodging        | 1 |  1.2

Action                     |  1- 3 |  4- 6 || total
---------------------------+-------+-------++-------
  Melee: Long sword        |    86 |   144 ||   230
         Headbutt          |    16 |    19 ||    35
    Use: Scroll            |     1 |     3 ||     4
 Armour: Scale mail        |    76 |       ||    76
         Chain mail        |     8 |   114 ||   122
  Dodge: Dodged            |    46 |    42 ||    88
  Block: Buckler           |    23 |    27 ||    50
